 Dungeon Crawl Stone Soup version 0.31-a0-803-g95b03c3367 (webtiles) character file.

Game seed: 6988825557380222053

1743 Maratek the Covert (level 9, -3/60 HPs)
             Began as an Octopode Fighter on Sept 20, 2023.
             Was a Priest of Okawaru.
             Slain by a sky beast (5 damage)
             ... on level 6 of the Dungeon.
             The game lasted 00:10:58 (5460 turns).

Maratek the Covert (Octopode Fighter)               Turns: 5460, Time: 00:11:00

Health: -3/60      AC:  1    Str: 19    XL:     9   Next: 5%
Magic:  9/9        EV: 19    Int: 10    God:    Okawaru [***...]
Gold:   244        SH:  0    Dex: 12    Spells: 8/8 levels left

rFire   . . .        s - +5 battleaxe (flame)
rCold   . . .        (shield currently unavailable)
rNeg    . . .        (helmet restricted)
rPois   +            (no amulet)
rElec   .            d - ring of poison resistance
rCorr   .            o - +5 ring of evasion
SInv    .            (no ring)
Will    .....        (no ring)
Stlth   +++++        (no ring)
HPRegen 0.30/turn    (no ring)
MPRegen 0.11/turn    (no ring)
                     (no ring)

%: no passive effects
@: no status effects
A: almost no armour, amphibious, 8 rings, camouflage 1, gelatinous body 1,
(nimble swimmer 1), tentacles
a: Renounce Religion, Heroism


You were on level 6 of the Dungeon.
You worshipped Okawaru.
Okawaru was most pleased with you.
You visited 1 branch of the dungeon, and saw 6 of its levels.
You also visited: Sewer and Ossuary.

You collected 244 gold pieces.

Inventory:

Hand Weapons
 s - a +5 battleaxe of flaming (weapon)
Armour
 k - a +1 kite shield
Jewellery
 d - a ring of poison resistance (left tentacle)
 o - a +5 ring of evasion (right tentacle)
 t - a ring of wizardry
Wands
 p - a wand of roots (12)
Scrolls
 a - a scroll of torment {unknown}
 f - 2 scrolls of blinking
 i - 5 scrolls of teleportation
 l - a scroll of acquirement {unknown}
 m - a scroll of identify
 n - 2 scrolls of summoning {unknown}
 u - a scroll of enchant weapon {unknown}
Potions
 b - 2 potions of attraction
 c - 4 potions of might
 e - 5 potions of mutation
 g - 2 potions of brilliance
 h - 2 potions of enlightenment
 j - a potion of heal wounds {unknown}
 q - 2 potions of magic
 r - a potion of resistance {unknown}


   Skills:
 + Level 4.9 Fighting
 + Level 3.1 Long Blades
 + Level 6.6 Axes
 + Level 4.9 Dodging
 + Level 8.0 Stealth
 + Level 4.4 Shields


You had 8 spell levels left.
You didn't know any spells.
Your spell library contained the following spells:

 Spells                   Type           Power      Damage    Failure   Level
 Sandblast                Erth           0%         2d4       36%         1
 Passwall                 Tmut/Erth      0%         N/A       50%         2
 Stone Arrow              Conj/Erth      0%         3d7       75%         3
 Brom's Barrelling Bould  Conj/Erth      0%         2d3       98%         4


Dungeon Overview and Level Annotations

Branches:
Dungeon (6/15)              Sewer (visited)         Ossuary (visited)
 Temple: D:4-7

Altars:
Okawaru
Xom

Shops:
D:3 [


Innate Abilities, Weirdness & Mutations

You cannot wear most types of armour.
You are amphibious.
You can wear up to eight rings at the same time.
Your skin changes colour to match your surroundings (Stealth+).
Your rubbery body absorbs attacks. (AC +1, EV +1)
((You are camouflaged when in or above water. (Stealth+)))
You have tentacles for arms and can constrict up to eight enemies at once.


Message History

A sky beast comes into view.
You barely miss something. Your squeeze misses something. Something hits you.
The scorpion closely misses you.
You barely miss something. You closely miss the scorpion.
The scorpion stings you but does no damage.
Something barely misses you.
You miss something. You closely miss the scorpion.
The scorpion closely misses you. Something hits you but does no damage.
The scorpion closely misses you.
You hear some strange, mumbled words.
A puff of flame appears from out of thin air!
The puff of flame hits you!
You closely miss something. You hit the scorpion. You burn the scorpion.
The scorpion barely misses you. Something closely misses you.
The scorpion stings you.
You hit something. You burn something. You squeeze something!
Okawaru accepts your kill.
Reactivating autopickup.
You feel a bit more experienced.
You slash the scorpion! You burn the scorpion. The scorpion misses you.
The scorpion completely misses you. The scorpion stings you.
Things that are here:
a +0 dagger; a +0 robe The sky beast hits you.
The sky beast shocks you.
* * * LOW HITPOINT WARNING * * *
The scorpion stings you!
* * * LOW HITPOINT WARNING * * *
You closely miss the sky beast. You slash the scorpion! You burn the scorpion.
You kill the scorpion!
Okawaru accepts your kill.
The sky beast flickers out of sight!
Deactivating autopickup; reactivate with Ctrl-A.
Something hits you.
* * * LOW HITPOINT WARNING * * *
Something shocks you.
* * * LOW HITPOINT WARNING * * *
Something hits you.
* * * LOW HITPOINT WARNING * * *
Something shocks you.
You die...

.## #....## # #....
##...:#.## #.... #
#.......## ##... ..
##.......# #... ...
##........# #...
#...####.)........#
##.[
#....#)..........#
#..
#..))...........
##.
#..{@........... #.
#............... #.
#............... ##
#............... #.
###............ ..#
###......... ###
###...... ###.##


There were no monsters in sight!

Vanquished Creatures
  2 wraiths (Ossuary)
  A water moccasin (D:6)
  An orc warrior (D:6)
  A black bear (D:5)
  3 kobold brigands
  3 scorpions
  2 wights (Ossuary)
  3 hounds
  2 jellies (D:6)
  2 orc priests (D:5)
  3 iguanas
  2 sleepcaps
  4 orc wizards
  8 adders
  7 river rats (Sewer)
  A white imp (D:5)
  An ufetubus (D:5)
  An adder zombie (Ossuary)
  A worm (D:4)
  10 orcs
  8 ball pythons
  13 endoplasms
  8 giant cockroaches
  5 goblins
  9 hobgoblins
  9 jackals
  7 quokkas
  2 ball python skeletons (Ossuary)
  2 bats
  5 frilled lizards
  3 hobgoblin skeletons (Ossuary)
  13 kobolds
  An orc skeleton (Ossuary)
  7 rats
150 creatures vanquished.

Notes
Turn   | Place    | Note
-------+----------+-------------------------------------------
     0 | D:1      | Maratek the Octopode Fighter began the quest for the Orb.
     0 | D:1      | Reached XP level 1. HP: 16/16 MP: 1/1
    84 | D:1      | Reached XP level 2. HP: 17/21 MP: 2/2
   723 | D:2      | Reached skill level 1 in Stealth
   723 | D:2      | Reached XP level 3. HP: 26/26 MP: 3/3
  1142 | D:3      | Found Soutefi's Armour Emporium.
  1204 | D:3      | Reached skill level 2 in Stealth
  1205 | D:3      | Reached XP level 4. HP: 22/31 MP: 4/4
  1632 | D:3      | Found a shimmering altar of Xom.
  1697 | D:3      | Noticed a scorpion
  1699 | D:3      | Found an iron altar of Okawaru.
  1704 | D:3      | Killed a scorpion
  1705 | D:3      | Reached XP level 5. HP: 16/36 MP: 5/5
  1709 | D:3      | Reached skill level 3 in Stealth
  1958 | D:3      | Became a worshipper of Warmaster Okawaru
  2111 | D:4      | Found a sand-covered staircase.
  2118 | Ossuary  | Entered an ossuary
  2221 | Ossuary  | Noticed a flying skull
  2221 | Ossuary  | Noticed a wraith
  2232 | Ossuary  | Noticed a flying skull
  2235 | Ossuary  | Noticed a flying skull
  2236 | Ossuary  | Noticed a flying skull
  2259 | Ossuary  | Noticed a flying skull
  2272 | Ossuary  | Reached XP level 6. HP: 42/42 MP: 6/6
  2287 | Ossuary  | Noticed a wraith
  2305 | Ossuary  | Killed a wraith
  2306 | Ossuary  | Reached skill level 4 in Stealth
  2649 | Ossuary  | Reached * piety under Okawaru
  2650 | Ossuary  | Reached XP level 7. HP: 47/47 MP: 7/7
  2662 | Ossuary  | Noticed a wraith
  2670 | Ossuary  | Killed a wraith
  2671 | Ossuary  | Reached skill level 5 in Axes
  2671 | Ossuary  | Reached skill level 5 in Stealth
  3047 | D:5      | Entered Level 5 of the Dungeon
  3223 | D:5      | Reached XP level 8. HP: 19/54 MP: 8/8
  3426 | D:5      | Found a glowing drain.
  3454 | Sewer    | Entered a sewer
  3473 | Sewer    | Reached ** piety under Okawaru
  3474 | Sewer    | Reached skill level 1 in Long Blades
  3474 | Sewer    | Reached skill level 6 in Stealth
  4924 | D:6      | Reached skill level 7 in Stealth
  5351 | D:6      | Reached XP level 9. HP: 49/60 MP: 9/9
  5444 | D:6      | Reached *** piety under Okawaru
  5452 | D:6      | Reached skill level 8 in Stealth
  5460 | D:6      | HP: 3/60 [something (5)]
  5460 | D:6      | Slain by a sky beast

Illustrated notes

Levels and vault maps discovered:
D:1:      dpeg_arrival_pond, layout_basic
D:2:      layout_rooms
D:3:      layout_basic, xom_butterflies, lemuel_doored_altar, serial_shops,
          shop, minmay_distorted
D:4:      layout_cave_pools, lightli_ossuary_entry_decrepit_ruins,
          minmay_misc_feat_diagonals
D:5:      layout_loops_cross, gup_sewer_entry_pipe
D:6:      layout_cave_pods, minmay_temple_entry_fiery, serial_bayou,
          serial_bayou_shore_a, serial_bayou_pond_e, serial_bayou_crossing,
          serial_bayou_pond_c, mrwooster_statue_mirror

Skill      XL: |  1  2  3  4  5  6  7  8  9 |
---------------+----------------------------+-----
Stealth        | 1 2 3 4 5 7 8 |  8.0
Axes           | 3 4 5 6 |  6.6
Dodging        | 4 |  4.9
Shields        | 4 |  4.4
Fighting       | 4 |  4.9
Long Blades    | 3 |  3.1

Action                     |  1- 3 |  4- 6 |  7- 9 || total
---------------------------+-------+-------+-------++-------
  Melee: War axe           |    60 |    76 |    29 ||   165
         Constrict         |    12 |    13 |    28 ||    53
         Tentacles         |    10 |    14 |    28 ||    52
         Punch             |       |     1 |     3 ||     4
         Long sword        |       |       |    92 ||    92
         Battleaxe         |       |       |    44 ||    44
    Use: Scroll            |       |     9 |     8 ||    17
         Potion            |       |       |     6 ||     6
   Stab: Sleeping          |    12 |    10 |    25 ||    47
 Armour: Skin              |    22 |    25 |    73 ||   120
  Dodge: Dodged            |    29 |    40 |   124 ||   193
  Block: Buckler           |     8 |       |       ||     8
         Kite shield       |    10 |    29 |    66 ||   105

Table legend: (Time is in decaauts)
 A = Elapsed time spent in this place.
 B = Non-inter-level travel time spent in this place.
 C = Inter-level travel time spent in this place.
 D = Time resting spent in this place.
 E = Time spent auto-exploring this place.
 F = Levels seen in this place.
 G = Mean time per level.
                   A        B        C        D        E       F      G
               +--------+--------+--------+--------+--------+-----+--------+
         Total |   5584 |   5356 |    228 |   1132 |   3035 |   8 |  698.0 |
       Dungeon |   4155 |   3927 |    228 |    547 |   2550 |   6 |  692.5 |
         Sewer |    780 |    780 |      0 |    256 |    339 |   1 |  780.0 |
       Ossuary |    648 |    648 |      0 |    329 |    146 |   1 |  648.0 |
               +--------+--------+--------+--------+--------+-----+--------+

Top non-repeatable levels by time:
     D:5: 1024 daAuts
     D:3: 848 daAuts
   Sewer: 780 daAuts
     D:1: 661 daAuts
     D:6: 652 daAuts
 Ossuary: 648 daAuts
     D:2: 503 daAuts
     D:4: 465 daAuts
